 Dungeon Crawl Stone Soup version 0.28-a0-1518-gbe868bca14 (webtiles) character file.

Game seed: 18003396471578150718

583 Destapler the Sneak (level 7, -9/36 HPs)
             Began as a Spriggan Brigand on Jan 17, 2022.
             Was a Follower of Trog.
             Mangled by Eustachio (11 damage)
             ... on level 4 of the Dungeon.
             The game lasted 00:11:56 (6480 turns).

Destapler the Sneak (Spriggan Brigand)              Turns: 6480, Time: 00:11:58

Health: -9/36      AC:  3    Str:  7      XL:     7   Next: 14%
Magic:  8/8        EV: 18    Int: 12      God:    Trog [*.....]
Gold:   278        SH:  0    Dex: 16 (19) Spells: 6/6 levels left

rFire   . . .      SeeInvis +   a - +2 dagger
rCold   . . .      Faith    .   (no shield)
rNeg    . . .      Spirit   .   b - +0 robe
rPois   .          Reflect  .   (helmet restricted)
rElec   .          Harm     .   c - +0 cloak
rCorr   .          Rampage  .   (gloves unavailable)
Will    +....                   (boots unavailable)
Stlth   +++.......              (no amulet)
HPRegen 0.12/turn               (no ring)
MPRegen 0.11/turn               (no ring)

@: on berserk cooldown, very quick
A: very small, no large weapons, unfitting armour, see invisible, speed 3
a: Renounce Religion, Berserk


You were on level 4 of the Dungeon.
You worshipped Trog.
Trog was aware of your devotion.
You visited 1 branch of the dungeon, and saw 4 of its levels.

You collected 278 gold pieces.

Inventory:

Hand Weapons
 a - a +2 dagger (weapon)
 q - a +0 rapier of holy wrath
Missiles
 d - 7 poisoned darts (quivered)
 e - 2 curare-tipped darts
 l - 13 boomerangs
Armour
 b - a +0 robe (worn)
 c - a +0 cloak (worn)
Wands
 t - a wand of mindburst (8)
Scrolls
 f - a scroll of enchant armour {unknown}
 g - 2 scrolls of fog {unknown}
 h - 2 scrolls of holy word {unknown}
 j - 2 scrolls of enchant weapon {unknown}
 m - a scroll of noise {unknown}
 o - a scroll of vulnerability {unknown}
 p - 2 scrolls of identify {unknown}
 r - a scroll of teleportation {unknown}
Potions
 i - 2 potions of haste {unknown}
 k - a potion of flight {unknown}
 n - a potion of curing {unknown}
 s - 3 potions of degeneration {unknown}


   Skills:
 - Level 3.0 Fighting
 - Level 3.0 Short Blades
 - Level 2.0 Throwing
 - Level 2.0 Armour
 - Level 4.0 Dodging
 - Level 6.0 Stealth
 + Level 3.7 Shields


You had 6 spell levels left.
You didn't know any spells.
Your spell library contained the following spells:

 Spells                   Type           Power      Damage    Failure   Level
 Conjure Flame            Conj/Fire      0%         6-21      69%         3
 Ignite Poison            Fire/Tmut/Pois 0%         N/A       69%         3
 Sticky Flame             Conj/Fire      0%         2d3       97%         4


Dungeon Overview and Level Annotations

Branches:
Dungeon (4/15)
 Temple: D:4-7

Altars:
Trog

Annotations:
D:4 Eustachio


Innate Abilities, Weirdness & Mutations

You are very small and have problems with some larger weapons.
You are too small for most types of armour.
You have supernaturally acute eyesight. (SInv)
You cover ground extremely quickly. (Speed+++)


Message History

You hit Eustachio.
Eustachio is severely wounded.
The bat misses you. The bat hits you but does no damage.
Eustachio hits you with a +0 falchion.
* * * LOW HITPOINT WARNING * * *
The quasit barely misses you. x2; The quasit closely misses you.
Eustachio hits you with a +0 falchion.
* * * LOW HITPOINT WARNING * * *
The bat hits you but does no damage.
You hit Eustachio but do no damage.
Eustachio is severely wounded.
You feel yourself speed up. The bat completely misses you.
The quasit bites you but does no damage.
The quasit barely misses you.
The quasit claws you but does no damage.
The quasit closely misses you. x2; The quasit completely misses you.
Eustachio misses you. The bat hits you but does no damage.
You hit Eustachio but do no damage.
Eustachio is severely wounded.
The bat completely misses you. The quasit closely misses you.
The quasit barely misses you. The quasit completely misses you.
Eustachio completely misses you. The bat completely misses you.
Unknown command.
You completely miss Eustachio.
Eustachio is severely wounded.
The quasit bites you but does no damage.
The quasit closely misses you.
The quasit claws you but does no damage.
The bat hits you.
* * * LOW HITPOINT WARNING * * *
Eustachio closely misses you.
You closely miss Eustachio.
Eustachio is severely wounded.
The bat misses you. The quasit bites you.
* * * LOW HITPOINT WARNING * * *
You feel clumsy. The quasit misses you. The quasit completely misses you.
Eustachio hits you with a +0 falchion!
You die...

.....#.##.>..#).......#... ######
.##.....#................### ##.[
#.............##...#.#.....###...
......###....##.#.###...........
......# #....####..#...##.##..#.
. #..........##..#####...##
#.....#..#55....# ###..#
......##.##br...## #.... ......
##@@b..#.#### ##... #....#
#.5...#....# #..#.
#...#.....####.###
##..#.....#.##...#
#####.......#.### ###......[#
#####..## ##.# ###


You could see Eustachio, a quasit (summoned), 2 white imps, 2 bats and a rat
(summoned).

Vanquished Creatures
  Sigmund (D:4)
  Menkaure (D:4)
  An orc priest (D:4)
  An iguana (D:4)
  2 orc wizards
  9 adders
  An adder skeleton (D:4)
  A worm (D:4)
  7 orcs
  5 bats
  10 endoplasms
  6 giant cockroaches
  12 goblins
  6 hobgoblins
  10 jackals
  6 quokkas
  11 ball pythons
  6 frilled lizards
  9 kobolds
  2 rats (D:2)
107 creatures vanquished.

Notes
Turn   | Place    | Note
-------+----------+-------------------------------------------
     0 | D:1      | Destapler the Spriggan Brigand began the quest for the Orb.
     0 | D:1      | Reached XP level 1. HP: 10/10 MP: 2/2
    90 | D:1      | Reached skill level 6 in Stealth
   371 | D:1      | Reached XP level 2. HP: 11/15 MP: 3/3
  1207 | D:1      | Reached XP level 3. HP: 17/18 MP: 4/4
  1694 | D:2      | Reached skill level 1 in Armour
  1834 | D:2      | Reached skill level 1 in Shields
  1844 | D:2      | Reached XP level 4. HP: 17/23 MP: 5/5
  3206 | D:2      | Found a faded altar of an unknown god.
  3216 | D:2      | Prayed at the altar of an unknown god.
  3216 | D:2      | Became a worshipper of Trog the Wrathful
  3216 | D:2      | Reached * piety under Trog
  3312 | D:3      | Reached XP level 5. HP: 26/26 MP: 6/6
  4121 | D:4      | Noticed Menkaure
  4166 | D:4      | Killed Menkaure
  4167 | D:4      | Reached XP level 6. HP: 22/32 MP: 7/7
  6177 | D:4      | Noticed Sigmund
  6189 | D:4      | Noticed Eustachio
  6208 | D:4      | Killed Sigmund
  6209 | D:4      | Reached XP level 7. HP: 23/36 MP: 8/8
  6480 | D:4      | Mangled by Eustachio

Illustrated notes

Levels and vault maps discovered:
D:1:      shiori_arrival_elements, layout_loops_ring, minmay_fountain_box
D:2:      layout_rooms, shapermc_ecumenical_altar_pompeii,
          minmay_misc_feat_square, minmay_increasing_density
D:3:      layout_basic
D:4:      layout_cave_pools, uniq_sigmund, uniq_menkaure, uniq_eustachio

Skill      XL: |  1  2  3  4  5  6 |
---------------+-------------------+-----
Stealth        | 6 |  6.0
Dodging        | 2 3 4 |  4.0
Fighting       | 2 3 |  3.0
Armour         | 1 2 |  2.0
Shields        | 1 3 |  3.7
Short Blades   | 3 |  3.0
Throwing       | |  2.0

Action                   |  1- 3 |  4- 6 |  7- 9 || total
-------------------------+-------+-------+-------++-------
Melee: Dagger            |   146 |   351 |    27 ||   524
       Punch             |     1 |     7 |       ||     8
Throw: Dart              |     7 |     8 |       ||    15
Invok: Berserk           |       |     4 |     1 ||     5
 Stab: Sleeping          |    14 |     8 |       ||    22
       Distracted        |       |     1 |       ||     1
Armor: Robe              |    30 |    33 |    15 ||    78
Dodge: Dodged            |   108 |   261 |    83 ||   452

Table legend: (Time is in decaauts)
 A = Elapsed time spent in this place.
 B = Non-inter-level travel time spent in this place.
 C = Inter-level travel time spent in this place.
 D = Time resting spent in this place.
 E = Time spent auto-exploring this place.
 F = Levels seen in this place.
 G = Mean time per level.
                   A        B        C        D        E       F      G
               +--------+--------+--------+--------+--------+-----+--------+
         Total |   5388 |   5277 |    111 |   1529 |   2838 |   4 | 1347.0 |
       Dungeon |   5388 |   5277 |    111 |   1529 |   2838 |   4 | 1347.0 |
               +--------+--------+--------+--------+--------+-----+--------+

Top non-repeatable levels by time:
     D:3: 1496 daAuts
     D:1: 1391 daAuts
     D:2: 1302 daAuts
     D:4: 1197 daAuts
